 Dungeon Crawl Stone Soup version 0.30.0-17-ge0270778cf (console) character file.

Game seed: 15254402324575190780

679 om the Caller (level 7, -1/46 HPs)
             Began as a Merfolk Summoner on May 11, 2023.
             Was an Initiate of Sif Muna.
             Slain by an ogre
             ... wielding a +0 giant spiked club
              (14 damage)
             ... on level 5 of the Dungeon on May 22, 2023.
             The game lasted 00:17:20 (5311 turns).

om the Caller (Merfolk Summoner)                    Turns: 5311, Time: 00:17:21

Health: -1/46      AC:  5    Str:  8    XL:     7   Next: 60%
Magic:  9/12       EV: 14    Int: 14    God:    Sif Muna [......]
Gold:   267        SH:  5    Dex: 17    Spells: 7/13 levels left

rFire   . . .        g - +1 trident (heavy)
rCold   . . .        i - +0 buckler
rNeg    . . .        a - +0 robe
rPois   .            (no helmet)
rElec   .            s - +2 cloak
rCorr   .            (no gloves)
SInv    .            (no boots)
Will    .....        (no amulet)
Stlth   +++          (no ring)
HPRegen 0.27/turn    (no ring)
MPRegen 0.13/turn

%: no passive effects
@: no status effects
A: (nimble swimmer 2), mertail
a: Renounce Religion


You were on level 5 of the Dungeon.
You worshipped Sif Muna.
Sif Muna was noncommittal.
You visited 2 branches of the dungeon, and saw 6 of its levels.

You collected 267 gold pieces.

Inventory:

Hand Weapons
 f - a +1 dagger of venom
 g - a +1 heavy trident (weapon)
Armour
 a - a +0 robe (worn)
 i - a +0 buckler (worn)
 s - a +2 cloak (worn)
Jewellery
 d - a ring of ice
 l - an amulet of guardian spirit
Wands
 p - a wand of quicksilver (12)
Scrolls
 c - a scroll of blinking {unknown}
 k - a scroll of immolation
 o - a scroll of teleportation
Potions
 b - 3 potions of magic
 e - a potion of might
 h - a potion of mutation {unknown}
 j - a potion of curing
 m - 3 potions of invisibility
 n - a potion of ambrosia
 q - 2 potions of haste
 r - 2 potions of cancellation {unknown}


   Skills:
 - Level 0.2 Short Blades
 + Level 4.9 Dodging
 - Level 4.0 Stealth
 * Level 4.3 Shields
 - Level 0.1 Unarmed Combat
 + Level 3.6 Spellcasting
 + Level 5.4 Summonings


You had 7 spell levels left.
You knew the following spells:

 Your Spells              Type           Power      Damage    Failure   Level
a - Summon Small Mammal   Summ           68%        N/A       3%          1
b - Call Imp              Summ           34%        N/A       4%          2
c - Call Canine Familiar  Summ           17%        N/A       10%         3

Your spell library contained the following spells:

 Spells                   Type           Power      Damage    Failure   Level
 Necrotise                Necr           8%         1d4       30%         1
 Summon Guardian Golem    Hex/Summ       10%        N/A       30%         3
 Portal Projectile        Hex/Tloc       4%         N/A       67%         3
 Tukima's Dance           Hex            2%         N/A       67%         3
 Vampiric Draining        Necr           2%         2d6       67%         3
 Summon Lightning Spire   Summ/Air       10%        N/A       69%         4
 Agony                    Necr           2%         N/A       100%        5
 Blade Hands              Tmut           1%         N/A       100%        5


Dungeon Overview and Level Annotations

Branches:
Dungeon (5/15)             Temple (1/1) D:4

Altars:
Cheibriados
Fedhas
Hepliaklqana
Kikubaaqudgha
Makhleb
Nemelex Xobeh
Okawaru
Qazlal
Ru
Sif Muna
Trog
Uskayaw
Vehumet
Wu Jian
Xom
Yredelemnul
Zin

Annotations:
D:5 Sigmund


Innate Abilities, Weirdness & Mutations

((You are very nimble when in or above water. (Stealth+, EV+, Speed+++)))
Your lower body shifts to a powerful aquatic tail in water.


Message History

a +1 heavy trident; a +0 leather armour; an orc corpse
g - a +1 heavy trident Your +1 dagger of venom stops dripping with poison.
g - a +1 heavy trident (weapon)
Your rat appears confused.
A puff of flame appears from out of thin air!
The puff of flame hits your rat!
Your rat dies!
Your rat's corpse disappears in a puff of smoke!
Found a robe.
Your cerulean imp appears confused.
Casting: Summon Small Mammal (safe; 3% risk of failure)
Confirm with . or Enter, or press ? or * to list all spells.
A magic dart appears from out of your range of vision.
The magic dart hits your cerulean imp.
You see here a +0 robe.
A puff of flame appears from out of your range of vision.
The puff of flame hits your cerulean imp!
Your cerulean imp dies!
Your cerulean imp disappears in a puff of smoke!
A jelly comes into view.
An ogre comes into view. It is wielding a +0 giant spiked club.
Found a stone staircase leading down.
You hear the slow hiss of an avalanche of sand very nearby.
The ogre shouts!
The jelly attacks as you move away! The jelly closely misses you.
The jelly barely misses your hound.
You puncture the ogre!
The ogre is moderately wounded.
Your hound disappears in a puff of smoke!
The ogre hits you with a +0 giant spiked club!!
Ouch! That really hurt!
* * * LOW HITPOINT WARNING * * *
The jelly barely misses you. The ogre closely misses you.
The jelly attacks as you move away! The jelly completely misses you.
The jelly attacks as you move away! The jelly barely misses you.
The ogre misses you. The ogre attacks as you move away!
The ogre hits you with a +0 giant spiked club!
You die...

*****,* *,* #.# #.#*** ,,* *,*
*,*#####.#######.##,, *,***,**
#,*#.........##...#.# *,,,,,,*
#.##.###.###........# ***,*,,*
#........# ####...### ,,,,*,,***
####.##### ##..... ,,,,*,,,,*
#.....# #.#### ,*******,* #.OJ..#
#.# ,,,,*,,,,* **#..@..# *#+#*
***,*,**** #.......# **,,,**
*,*,* #.#.>...# **,,,,,** *,,,*
#.#####.#* **,,,,,,,*
***,,,*****#,****,..****,,,,,,,,,
,,,,,,,,,,,,,,,,,,...,,+,,,,,,,,,
***,,,******,**,*,..##**,,,,,,,,,
*,,,* *,,,,,,,## **,,,,,,,* *,,,*
****,**** **,,,,,**


You could see an ogre and a jelly.

Vanquished Creatures
  A sky beast (D:3)
  An ogre (D:4)
  A scorpion (D:4)
  An orc priest (D:3)
  A gnoll bouda (D:4)
  Crazy Yiuf (D:4)
  A gnoll (D:4)
  4 adders
  7 orcs
  8 ball pythons
  5 endoplasms
  2 giant cockroaches
  6 goblins
  4 hobgoblins
  3 jackals (D:4)
  4 quokkas
  5 bats
  A frilled lizard (D:2)
  5 kobolds
  4 rats
65 creatures vanquished.

Vanquished Creatures (collateral kills)
  An ogre (D:4)
  2 orc priests
  An iguana (D:4)
  Ijyb (D:3)
  2 gnolls (D:4)
  A worm (D:3)
  4 orcs
  2 endoplasms
  A hobgoblin (D:2)
  A jackal (D:2)
  A kobold (D:1)
  2 quokkas (D:1)
  3 ball pythons (D:1)
  A frilled lizard (D:3)
  A goblin (D:1)
  2 rats (D:1)
26 creatures vanquished.

Grand Total: 91 creatures vanquished

Notes
Turn   | Place    | Note
-------+----------+-------------------------------------------
     0 | D:1      | om the Merfolk Summoner began the quest for the Orb.
     0 | D:1      | Reached XP level 1. HP: 13/13 MP: 3/3
   300 | D:1      | Reached XP level 2. HP: 13/19 MP: 1/5
   576 | D:1      | Learned a level 2 spell: Call Imp
   990 | D:1      | Reached XP level 3. HP: 23/24 MP: 6/6
  1051 | D:1      | Learned a level 3 spell: Call Canine Familiar
  1482 | D:2      | You fall into a shaft and drop 2 floors!
  1513 | D:4      | Reached skill level 1 in Shields
  1513 | D:4      | Reached XP level 4. HP: 10/30 MP: 3/7
  1593 | D:4      | Noticed a scorpion
  1603 | D:4      | Killed a scorpion
  1604 | D:4      | Reached XP level 5. HP: 35/35 MP: 2/8
  2519 | D:3      | Found a burning altar of Makhleb.
  2554 | D:3      | Found an iron altar of Okawaru.
  3075 | D:3      | Reached XP level 6. HP: 14/41 MP: 6/10
  3532 | D:3      | Found a stormy altar of Qazlal.
  3532 | D:3      | Noticed a sky beast
  3548 | D:3      | Killed a sky beast
  3549 | D:3      | Reached skill level 5 in Summonings
  3685 | D:3      | Noticed Ijyb
  3719 | D:3      | Killed Ijyb
  4139 | D:4      | Reached XP level 7. HP: 26/46 MP: 4/11
  4264 | D:4      | Found a runed translucent door.
  4265 | D:4      | Noticed Crazy Yiuf
  4277 | D:4      | Found a blossoming altar of Fedhas.
  4301 | D:4      | Found a staircase to the Ecumenical Temple.
  4524 | Temple   | Entered the Ecumenical Temple
  4623 | Temple   | Upgraded the game from 0.30.0-5-g1a98f26d00 to
                  | 0.30.0-17-ge0270778cf
  4649 | Temple   | Became a worshipper of Sif Muna the Loreminder
  5142 | D:4      | Killed Crazy Yiuf
  5255 | D:5      | Entered Level 5 of the Dungeon
  5257 | D:5      | Noticed Sigmund
  5311 | D:5      | Slain by an ogre

Illustrated notes

Levels and vault maps discovered:
D:1:      spicycebolla_arrival_ecumenical, layout_loops_corners, serial_glass,
          glass_columns_a, glass_columns_c, glass_columns_a,
          hangedman_feature_mirror, minmay_pentomino_q4
D:2:      layout_loops_ring, grunt_ministairs_11, kennysheep_generic_room_7
D:3:      layout_basic, mainiacjoe_overflow_small_starburst,
          nicolae_qazlal_beasts_of_the_sky,
          mainiacjoe_overflow_concentric_impassable, uniq_ijyb
D:4:      layout_loops_ring, fedhas_altar_2, minmay_temple_entry_stoned_glass,
          grunt_ministairs_13, uniq_crazy_yiuf_cottage
D:5:      layout_loops_corners, enter_ossuary_3, uniq_grinder, uniq_sigmund,
          uniq_duvessa
Temple:   cyrus_circular_temple

Skill      XL: |  1  2  3  4  5  6  7 |
---------------+----------------------+-----
Dodging        | 3 4 |  4.9
Shields        | 1 2 3 4 |  4.3
Stealth        | 3 4 |  4.0
Spellcasting   | 3 |  3.6
Summonings     | 5 |  5.4
Short Blades   | |  0.2
Unarmed Combat | |  0.1

Action                     |  1- 3 |  4- 6 |  7- 9 || total
---------------------------+-------+-------+-------++-------
  Melee: Unarmed           |    44 |       |       ||    44
         Dagger            |    33 |   106 |    16 ||   155
         Punch             |     1 |       |       ||     1
         Trident           |       |       |     1 ||     1
   Cast: Summon Small Mamm |    26 |    25 |     7 ||    58
         Call Imp          |     1 |    15 |     7 ||    23
         Call Canine Famil |       |     5 |     8 ||    13
    Use: Scroll            |       |    13 |     1 ||    14
   Stab: Sleeping          |     5 |     9 |     3 ||    17
         Distracted        |     1 |     1 |       ||     2
 Armour: Robe              |    18 |    17 |     1 ||    36
  Dodge: Dodged            |    80 |    72 |    14 ||   166
  Block: Buckler           |     2 |    38 |     3 ||    43
